[Event "Titled Tuesday Blitz April 4 Early 2023"]
[White "Pacan-Milej, Kosma"]
[Black "Fernandez Siles, Luis"]
[WhiteFideId "21800537"]
[BlackFideId "2209420"]
[WhiteElo "2302"]
[BlackElo "2195"]
[Result "1/2-1/2"]
[Round "03"]
[TimeControl "180+2"]
[Date "2023.04.04"]
[WhiteClock "0:00:14"]
[BlackClock "0:00:08"]

1. d4 Nf6 2. c4 g6 3. Nc3 Bg7 4. e4 d6 5. h3 O-O 6. Be3 c5 7. d5 e6 8. Nf3 Na6 9. Bd3 exd5 10. exd5 Nc7 11. O-O Re8 12. Bf4 a6 13. Qd2 Bf5 14. Bxf5 gxf5 15. Rfe1 Qd7 16. Qd3 b5 17. Nh4 bxc4 18. Qxc4 Ne4 19. Nxe4 fxe4 20. Rxe4 Bxb2 21. Rae1 Bf6 22. Nf3 Nb5 23. Bg5 Bxg5 24. Nxg5 Nd4 25. Qd3 f5 26. Rxe8+ Rxe8 27. Ne6 Qf7 28. Qg3+ Qg6 29. Qd3 Nxe6 30. dxe6 Rxe6 31. Rxe6 Qxe6 32. Qxa6 Qe1+ 33. Kh2 Qe5+ 34. g3 Qd4 35. Qc8+ Kg7 36. Qd7+ Kf6 37. Qd8+ Ke5 38. Kg1 Ke4 39. Qh4+ Kd3 40. Qxh7 Qe4 41. h4 c4 42. Qc7 d5 43. h5 c3 44. h6 c2 45. h7 Qe1+ 46. Kg2 Qe4+ 47. Kg1 Qe1+ 48. Kg2 Qe4+ 49. Kg1 1/2-1/2


[Site "https://www.chess.com"]

[Event "Titled Tuesday Blitz April 4 Early 2023"]
[White "Nery Junior, Jose Antonio"]
[Black "Kleiman, Jake"]
[WhiteFideId "2104822"]
[BlackFideId "2020041"]
[WhiteElo "2197"]
[BlackElo "2606"]
[Result "0-1"]
[Round "03"]
[TimeControl "180+2"]
[Date "2023.04.04"]
[WhiteClock "0:01:39"]
[BlackClock "0:01:54"]

1. e4 e5 2. Nf3 Nc6 3. Bc4 Nf6 4. d3 Bc5 5. c3 O-O 6. Bb3 d5 7. Nbd2 a5 8. a4 Re8 9. Qe2 b6 10. h3 Ba6 11. c4 dxe4 12. dxe4 Nb4 13. O-O Qd3 14. Re1 Rad8 15. Nf1 Qxb3 16. Bg5 Bxc4 0-1


[Site "https://www.chess.com"]

[Event "Titled Tuesday Blitz April 4 Early 2023"]
[White "Han, Yichen"]
[Black "Zampronha, Wladimir Camilo"]
[WhiteFideId "1054430"]
[BlackFideId "2103087"]
[WhiteElo "2342"]
[BlackElo "2176"]
[Result "1-0"]
[Round "03"]
[TimeControl "180+2"]
[Date "2023.04.04"]
[WhiteClock "0:00:30"]
[BlackClock "0:00:17"]

1. g3 Nf6 2. Bg2 e6 3. e4 d5 4. Nc3 dxe4 5. Nxe4 Nxe4 6. Bxe4 Nd7 7. Ne2 Nf6 8. Bg2 Be7 9. O-O O-O 10. d4 c5 11. b3 Qc7 12. Bf4 Bd6 13. Be3 cxd4 14. Nxd4 a6 15. c4 Bd7 16. Qf3 Rab8 17. Rac1 b6 18. Qe2 Rfd8 19. a4 Bc5 20. Rfd1 e5 21. Nc2 Re8 22. Bxc5 Qxc5 23. Qe3 Qc7 24. Nb4 Qc8 25. Rd6 Re6 26. Rxe6 Bxe6 27. Nc6 Rb7 28. Nxe5 Rc7 29. Qxb6 h6 30. Rd1 Rc5 31. Rd8+ 1-0


[Site "https://www.chess.com"]

[Event "Titled Tuesday Blitz April 4 Early 2023"]
[White "Estremera Panos, Sergio"]
[Black "Dixit, Nikhil"]
[WhiteFideId "2200864"]
[BlackFideId "5059534"]
[WhiteElo "2253"]
[BlackElo "2207"]
[Result "0-1"]
[Round "03"]
[TimeControl "180+2"]
[Date "2023.04.04"]
[WhiteClock "0:01:23"]
[BlackClock "0:02:11"]

1. d4 Nf6 2. c4 g6 3. Nc3 Bg7 4. e4 d6 5. Be2 O-O 6. Nf3 e5 7. d5 a5 8. Bg5 Na6 9. Nd2 Nc5 10. O-O Bd7 11. b3 h6 12. Bh4 Nfxe4 13. Ndxe4 Qxh4 14. Nxc5 dxc5 15. Bd3 f5 16. Rc1 e4 17. Be2 Be5 18. g3 Qf6 19. Qd2 Kg7 20. Rfd1 h5 21. Bf1 h4 22. Bg2 hxg3 23. hxg3 Rh8 24. Ne2 g5 25. g4 f4 26. Bxe4 Bxg4 27. f3 Bf5 28. Kg2 Bxe4 29. fxe4 f3+ 30. Kf2 fxe2+ 0-1


[Site "https://www.chess.com"]

[Event "Titled Tuesday Blitz April 4 Early 2023"]
[White "Ward, Ieuan C"]
[Black "Shuvalov, Evgenij"]
[WhiteFideId "406627"]
[BlackFideId "4187237"]
[WhiteElo "2310"]
[BlackElo "2080"]
[Result "1/2-1/2"]
[Round "03"]
[TimeControl "180+2"]
[Date "2023.04.04"]
[WhiteClock "0:00:28"]
[BlackClock "0:00:20"]

1. d4 Nf6 2. c4 g6 3. Nc3 d5 4. cxd5 Nxd5 5. e4 Nxc3 6. bxc3 Bg7 7. Nf3 c5 8. Rb1 O-O 9. Be2 Nc6 10. d5 Ne5 11. Nxe5 Bxe5 12. Qd2 e6 13. f4 Bc7 14. O-O exd5 15. exd5 Rb8 16. c4 Ba5 17. Qc2 a6 18. Be3 Bf5 19. Bd3 Bxd3 20. Qxd3 Qd6 21. f5 b5 22. cxb5 axb5 23. Rxb5 Rxb5 24. Qxb5 Bb4 25. Qc6 Qxc6 26. dxc6 Rc8 27. fxg6 hxg6 28. Rf6 Kf8 29. h4 Ke7 30. Bg5 Bd2 31. Rxg6+ Bxg5 32. Rxg5 Rxc6 33. Kf2 c4 34. Ke2 c3 35. Kd1 Ra6 36. Kc2 Rxa2+ 37. Kxc3 Kf6 38. Kd3 Ra4 39. g3 Ra3+ 40. Ke4 Ra4+ 41. Kf3 Ra3+ 42. Kg4 Ra2 43. Rg8 Ra4+ 44. Kh3 Ra3 45. h5 Ra5 46. g4 Ra1 47. g5+ Kf5 48. Rg7 Rh1+ 49. Kg2 Rxh5 50. Rxf7+ Kxg5 51. Ra7 Kg6 52. Ra6+ Kf7 53. Ra7+ Kg6 54. Ra6+ Kf7 55. Ra7+ Kg6 1/2-1/2


[Site "https://www.chess.com"]

[Event "Titled Tuesday Blitz April 4 Early 2023"]
[White "Rangel, Daniel"]
[Black "Kalajzic, Ivan"]
[WhiteFideId "2124475"]
[BlackFideId "14506378"]
[WhiteElo "2256"]
[BlackElo "2203"]
[Result "1-0"]
[Round "03"]
[TimeControl "180+2"]
[Date "2023.04.04"]
[WhiteClock "0:02:14"]
[BlackClock "0:01:36"]

1. e4 g6 2. d4 Bg7 3. Nc3 c6 4. Nf3 d5 5. exd5 cxd5 6. Bb5+ Nc6 7. Ne5 Bxe5 8. dxe5 e6 9. O-O Bd7 10. Re1 Nge7 11. Bg5 h6 12. Bf6 O-O 13. Qd2 Kh7 14. Bd3 a6 15. Re3 Qe8 16. Rh3 Ng8 17. Re1 Nce7 18. Qxh6+ Nxh6 19. Rxh6+ Kxh6 20. Re3 1-0


[Site "https://www.chess.com"]

[Event "Titled Tuesday Blitz April 4 Early 2023"]
[White "MunichMouse"]
[Black "Mogirzan, Matei-Valeriu"]
[BlackFideId "1257455"]
[WhiteElo "2305"]
[BlackElo "1733"]
[Result "0-1"]
[Round "03"]
[TimeControl "180+2"]
[Date "2023.04.04"]
[WhiteClock "0:00:02"]
[BlackClock "0:00:07"]

1. d4 Nf6 2. c4 Nc6 3. d5 Nb8 4. g3 d6 5. Bg2 g6 6. e4 Bg7 7. Ne2 O-O 8. Nbc3 Nbd7 9. O-O a5 10. h3 Nc5 11. Be3 b6 12. Qd2 Re8 13. Rae1 Nfd7 14. Nd4 Ne5 15. b3 Ba6 16. f4 Ned3 17. Nc6 Qd7 18. Re2 e5 19. f5 Nb4 20. f6 Bh8 21. Ne7+ Rxe7 22. fxe7 Qxe7 23. Bxc5 bxc5 24. a3 Bg7 25. axb4 axb4 26. Nd1 Bc8 27. Ref2 f5 28. Ne3 f4 29. Ng4 h5 30. gxf4 hxg4 31. f5 Qh4 32. hxg4 Bh6 33. Qe2 Bf4 34. Rxf4 exf4 35. e5 gxf5 36. exd6 fxg4 37. Qe8+ Kg7 38. Qe5+ Qf6 39. Qxf6+ Kxf6 40. Rxf4+ Kg5 41. Rf8 cxd6 42. Bf1 Kh4 43. Rd8 Kg3 44. Rxd6 Bf5 45. Rf6 Be4 46. d6 Rh8 47. Bh3 gxh3 48. Rf2 h2+ 49. Rxh2 Rxh2 50. Kf1 Kf3 51. Ke1 Ke3 52. Kd1 Rh1# 0-1


[Site "https://www.chess.com"]

[Event "Titled Tuesday Blitz April 4 Early 2023"]
[White "Dushyant Sharma"]
[Black "Rose, Felix"]
[WhiteFideId "25065130"]
[BlackFideId "5105722"]
[WhiteElo "2198"]
[BlackElo "2039"]
[Result "1-0"]
[Round "03"]
[TimeControl "180+2"]
[Date "2023.04.04"]
[WhiteClock "0:01:05"]
[BlackClock "0:00:03"]

1. e4 c5 2. Nf3 e6 3. d4 cxd4 4. Nxd4 a6 5. Nc3 b5 6. f4 Bb7 7. Bd3 Qb6 8. Be3 Bc5 9. Nce2 Nc6 10. c3 b4 11. O-O d6 12. Kh1 Nge7 13. Rb1 e5 14. Nxc6 Nxc6 15. Bxc5 Qxc5 16. f5 f6 17. Rc1 O-O 18. cxb4 Qxb4 19. a3 Qb6 20. b4 Kh8 21. Bc4 Ne7 22. Nc3 Rac8 23. Be6 Rxc3 24. Rxc3 Bxe4 25. Qh5 d5 26. Qxh7+ 1-0


[Site "https://www.chess.com"]

[Event "Titled Tuesday Blitz April 4 Early 2023"]
[White "Vaglio Munoz, Jaime"]
[Black "Kohler, Aran"]
[WhiteFideId "6500145"]
[BlackFideId "1002856"]
[WhiteElo "2199"]
[BlackElo "2291"]
[Result "0-1"]
[Round "03"]
[TimeControl "180+2"]
[Date "2023.04.04"]
[WhiteClock "0:00:45"]
[BlackClock "0:00:18"]

1. Nf3 Nf6 2. c4 c6 3. b4 d5 4. a3 dxc4 5. e3 b5 6. Bb2 e6 7. d3 cxd3 8. Bxd3 a6 9. O-O Ra7 10. Nc3 Rd7 11. Ne1 c5 12. bxc5 Bxc5 13. Qe2 O-O 14. Rc1 Bb6 15. Rc2 h6 16. Ne4 Nxe4 17. Bxe4 Bb7 18. Bxb7 Rxb7 19. Qg4 Qg5 20. Qf3 Rc7 21. Rd2 Rd7 22. Rxd7 Nxd7 23. Qc6 Qd5 24. Qxd5 exd5 25. Nf3 Rc8 26. Rc1 Rxc1+ 27. Bxc1 Nf6 28. Kf1 Ne4 29. Ke2 f6 30. Bb2 Kf7 31. Ne1 Ke6 32. f3 Nd6 33. Nd3 Nc4 34. Nf4+ Kd6 35. Bc1 g5 36. Nh5 Ke6 37. g4 Bc5 38. Ng3 Bxa3 39. Bxa3 Nxa3 40. Nf5 b4 41. Kd3 a5 42. Nxh6 Nb5 43. Nf5 b3 44. h4 gxh4 45. Nxh4 a4 46. Nf5 a3 47. e4 a2 48. exd5+ Kd7 49. Kc4 a1=Q 50. Kxb3 Nd4+ 51. Kc4 Nxf5 52. gxf5 Kd6 53. f4 Qf1+ 54. Kd4 Qxf4+ 55. Kd3 Qxf5+ 56. Ke3 Qxd5 57. Kf4 Qe5+ 58. Kg4 Kd5 59. Kf3 Qd4 60. Kg3 Ke4 61. Kg4 Qg1+ 62. Kh5 Kf5 63. Kh6 Qg6# 0-1


[Site "https://www.chess.com"]

[Event "Titled Tuesday Blitz April 4 Early 2023"]
[White "Fernandez Sanchez, Mario Andres"]
[Black "Perrine, Dalton"]
[WhiteFideId "6501621"]
[BlackFideId "2048434"]
[WhiteElo "2050"]
[BlackElo "2257"]
[Result "1-0"]
[Round "03"]
[TimeControl "180+2"]
[Date "2023.04.04"]
[WhiteClock "0:00:06"]
[BlackClock "0:00:03"]

1. d4 Nf6 2. Bf4 c5 3. d5 b5 4. a4 b4 5. c4 g6 6. Nf3 Bg7 7. g3 d6 8. Qc2 Bf5 9. Qc1 b3 10. Nbd2 Na6 11. Bg2 Nb4 12. O-O Rb8 13. Ra3 Nh5 14. Rxb3 Nxf4 15. gxf4 O-O 16. e4 Bd7 17. e5 Qc7 18. Re1 Bxa4 19. Ra3 Bc2 20. Ne4 Bh6 21. Re2 Bd3 22. Re1 a5 23. exd6 exd6 24. Nf6+ Kh8 25. Ng5 Bg7 26. Nfxh7 Rfe8 27. Qd2 Rxe1+ 28. Qxe1 Nc2 29. Qd2 Nxa3 30. Qxd3 Bxb2 31. h4 Bg7 32. Qxa3 Re8 33. h5 gxh5 34. Qd3 Kg8 35. Be4 a4 36. Bf5 Ra8 37. Bh3 a3 38. Ne4 a2 39. Nef6+ Kh8 40. Ng5 a1=Q+ 41. Kg2 Qb1 42. Qxb1 Bxf6 43. Qh7# 1-0


[Site "https://www.chess.com"]

[Event "Titled Tuesday Blitz April 4 Early 2023"]
[White "Fajdetic, Hrvoje"]
[Black "Flynn, Jacob"]
[WhiteFideId "14501945"]
[BlackFideId "2509393"]
[WhiteElo "2185"]
[BlackElo "2053"]
[Result "1/2-1/2"]
[Round "03"]
[TimeControl "180+2"]
[Date "2023.04.04"]
[WhiteClock "0:00:09"]
[BlackClock "0:00:07"]

1. f4 d5 2. Nf3 g6 3. e3 Bg7 4. Be2 Nf6 5. O-O O-O 6. d3 c5 7. Qe1 Nc6 8. Qh4 e5 9. Nxe5 Nxe5 10. fxe5 Nd7 11. Qxd8 Rxd8 12. d4 f6 13. exf6 Bxf6 14. Bg4 Kg7 15. c3 b6 16. Nd2 Ba6 17. Rf2 h5 18. Bxd7 Rxd7 19. dxc5 bxc5 20. Nb3 Rc8 21. Bd2 Bc4 22. Na5 Bd3 23. Rd1 c4 24. b4 cxb3 25. Nxb3 Bxc3 26. Bxc3+ Rxc3 27. Rfd2 Be4 28. Rd4 Rxe3 29. Nc5 Re7 30. Nxe4 dxe4 31. Rd7 Kf7 32. R1d4 Ra3 33. Rxe7+ Kxe7 34. Rxe4+ Kd6 35. Re2 Kd5 36. h4 a5 37. Kh2 a4 38. g3 Rd3 39. Kh3 Kc5 40. Re6 Rd6 41. Re4 Kb5 42. a3 Rd3 43. Re6 Rxa3 44. Rxg6 Rc3 45. Rg5+ Rc5 46. Rg8 Kb4 47. Rb8+ Rb5 48. Ra8 a3 49. g4 hxg4+ 50. Kxg4 Ra5 51. Rb8+ Kc3 52. Rb1 Kc2 53. Rf1 a2 54. h5 a1=Q 55. Rxa1 Rxa1 56. h6 Kd3 57. Kg5 Ke4 58. Kg6 Ke5 59. h7 Ra6+ 60. Kg7 Ra7+ 61. Kg8 Ra8+ 62. Kg7 Ra7+ 63. Kg8 Ra8+ 64. Kg7 Ra7+ 1/2-1/2


[Site "https://www.chess.com"]

[Event "Titled Tuesday Blitz April 4 Early 2023"]
[White "Mouhamad, Joachim"]
[Black "Makhmudov, Shukhrat"]
[WhiteFideId "656410"]
[BlackFideId "14200775"]
[WhiteElo "2125"]
[BlackElo "2135"]
[Result "1-0"]
[Round "03"]
[TimeControl "180+2"]
[Date "2023.04.04"]
[WhiteClock "0:00:07"]
[BlackClock "0:00:15"]

1. e4 e5 2. Nf3 Nc6 3. Bb5 a6 4. Ba4 Nf6 5. O-O Be7 6. d3 b5 7. Bb3 O-O 8. a4 Rb8 9. axb5 axb5 10. c3 d5 11. exd5 Nxd5 12. Re1 Bf6 13. Nbd2 Nf4 14. d4 exd4 15. Ne4 Ne6 16. Nxf6+ Qxf6 17. Bd5 dxc3 18. bxc3 Ne7 19. Bxe6 fxe6 20. Bg5 Qf7 21. Qe2 Nd5 22. Bd2 Qf6 23. Ne5 Bb7 24. Nd7 Qf7 25. Qxe6 Qxe6 26. Rxe6 Rfe8 27. Rxe8+ Rxe8 28. Nc5 Ba8 29. Re1 Rxe1+ 30. Bxe1 Kf7 31. f3 Nf4 32. Kf2 Nd5 33. Bd2 h6 34. Ke2 Bc6 35. Kd3 Ke7 36. Kd4 Kd6 37. Ne4+ Ke6 38. h4 Be8 39. g4 Ne7 40. h5 Kd7 41. Ke5 Nc6+ 42. Kf5 Bf7 43. Bf4 Ne7+ 44. Ke5 c6 45. Nc5+ Kc8 46. Kd6 Nd5 47. Be5 Be8 48. Bxg7 Ne3 49. Bxh6 Nc4+ 50. Ke7 Ne5 51. Kxe8 Nxf3 52. Bf4 Nh4 53. h6 Ng6 54. h7 b4 55. Be5 b3 56. Nxb3 Nxe5 57. h8=Q Nd7 58. Ke7+ Kc7 59. Qh2+ Kc8 60. Qd6 Nb8 61. Nc5 Na6 62. Qxc6+ Kb8 63. Qb7# 1-0


[Site "https://www.chess.com"]

[Event "Titled Tuesday Blitz April 4 Early 2023"]
[White "Jaskolka, Tomasz"]
[Black "Zaichenko, Daria"]
[WhiteFideId "1170791"]
[BlackFideId "4197453"]
[WhiteElo "2155"]
[BlackElo "2039"]
[Result "0-1"]
[Round "03"]
[TimeControl "180+2"]
[Date "2023.04.04"]
[WhiteClock "0:00:35"]
[BlackClock "0:01:10"]

1. e4 c5 2. Nf3 Nc6 3. d4 cxd4 4. Nxd4 Nf6 5. Nc3 d6 6. g3 e5 7. Nde2 Be6 8. Bg2 Be7 9. O-O h6 10. b3 O-O 11. Bb2 Rc8 12. Qd2 Ne8 13. Nd5 f5 14. exf5 Bxf5 15. c4 Nf6 16. Rad1 Nxd5 17. Qxd5+ Kh8 18. f4 Qe8 19. fxe5 dxe5 20. Kh1 Rd8 21. Qb5 Rxd1 22. Rxd1 Bg4 23. Re1 Bb4 24. Bxc6 Qxc6+ 25. Qxc6 bxc6 26. Bc3 Bf3+ 27. Kg1 Bc5+ 28. Kf1 Bh1+ 29. Nf4 exf4 30. Ke2 f3+ 31. Kd3 0-1


[Site "https://www.chess.com"]

[Event "Titled Tuesday Blitz April 4 Early 2023"]
[White "Nugumanov, Bakhtiyar"]
[Black "Shapiro, Viktor"]
[WhiteFideId "13701797"]
[BlackFideId "4175700"]
[WhiteElo "2209"]
[BlackElo "2152"]
[Result "0-1"]
[Round "03"]
[TimeControl "180+2"]
[Date "2023.04.04"]
[WhiteClock "0:00:10"]
[BlackClock "0:01:14"]

1. Nf3 Nf6 2. c4 c5 3. Nc3 Nc6 4. g3 d6 5. Bg2 e6 6. d4 cxd4 7. Nxd4 Bd7 8. Nc2 a6 9. O-O Rc8 10. b3 Be7 11. e4 O-O 12. Ne3 Qa5 13. Bd2 Qc7 14. Rc1 Qb8 15. f4 b5 16. Qe2 Rfd8 17. Kh1 h5 18. cxb5 Nd4 19. Qd3 Nxb5 20. f5 Nxc3 21. fxe6 fxe6 22. Bxc3 Bb5 23. Nc4 d5 24. exd5 exd5 25. Be5 dxc4 26. Qf5 Qb6 27. bxc4 Rxc4 28. Bxf6 Bxf6 29. Bd5+ Kf8 30. Bxc4 Qc6+ 31. Bd5 Qxd5+ 32. Qxd5 Rxd5 33. Kg2 Bxf1+ 34. Rxf1 Rd2+ 35. Kh3 Rxa2 0-1


[Site "https://www.chess.com"]

[Event "Titled Tuesday Blitz April 4 Early 2023"]
[White "Simonovic, Miroslav"]
[Black "Terletsky, Oleg"]
[WhiteFideId "919152"]
[BlackFideId "14116774"]
[WhiteElo "2042"]
[BlackElo "2084"]
[Result "0-1"]
[Round "03"]
[TimeControl "180+2"]
[Date "2023.04.04"]
[WhiteClock "0:00:05"]
[BlackClock "0:00:32"]

1. d4 Nf6 2. Bg5 g6 3. Bxf6 exf6 4. c4 f5 5. Nc3 Bg7 6. g3 O-O 7. Bg2 Re8 8. e3 c6 9. Nge2 d6 10. O-O h5 11. h4 Nd7 12. b4 a6 13. a4 Nf6 14. Qd3 Ng4 15. b5 Bd7 16. Rab1 g5 17. hxg5 Qxg5 18. bxc6 bxc6 19. Nf4 h4 20. Nce2 hxg3 21. Nxg3 Qh4 22. Rfe1 Rab8 23. Nh3 Rxb1 24. Rxb1 Rxe3 25. Nxf5 Rxd3 26. Nxh4 Bxd4 27. Rb8+ Kg7 28. Bf3 Ne5 29. Nf4 Nxf3+ 30. Nxf3 Rxf3 31. Nh5+ Kg6 32. Rh8 Rxf2 33. Kh1 Bg4 34. Nf4+ Rxf4 35. Kg2 f5 36. Rd8 Be5 37. Ra8 Rxc4 38. Rxa6 Rc2+ 39. Kf1 Bg3 40. Ra7 Bf3 0-1


[Site "https://www.chess.com"]

[Event "Titled Tuesday Blitz April 4 Early 2023"]
[White "Reprintsev, Alexander"]
[Black "Floresvillar Gonzalez, Luis Migu"]
[WhiteFideId "14100541"]
[BlackFideId "5100542"]
[WhiteElo "2211"]
[BlackElo "2040"]
[Result "1-0"]
[Round "03"]
[TimeControl "180+2"]
[Date "2023.04.04"]
[WhiteClock "0:01:33"]
[BlackClock "0:01:44"]

1. e4 d6 2. d4 Nc6 3. d5 Ne5 4. f4 Nd7 5. Nf3 c6 6. c4 b5 7. dxc6 Nc5 8. cxb5 a6 9. Nc3 axb5 10. Bxb5 Qc7 11. Be3 Ba6 12. Bxc5 dxc5 13. Qd7+ Qxd7 14. cxd7+ Kd8 15. Ne5 Bxb5 16. Nxf7+ Kxd7 17. Nxb5 Nh6 18. Nxh8 g6 19. g4 Bg7 20. g5 Bxh8 21. gxh6 Bxb2 22. Rd1+ Kc6 23. Rd2 Rxa2 24. Ke2 Kxb5 25. Rb1 c4 26. Rbxb2+ Rxb2 27. Rxb2+ Kc5 28. Ke3 c3 29. Rc2 Kc4 30. h4 Kb3 31. Kd3 1-0


[Site "https://www.chess.com"]

[Event "Titled Tuesday Blitz April 4 Early 2023"]
[White "EdmundPlayer"]
[Black "Erzhanov, Arman"]
[BlackFideId "4138821"]
[WhiteElo "2240"]
[BlackElo "2138"]
[Result "0-1"]
[Round "03"]
[TimeControl "180+2"]
[Date "2023.04.04"]
[WhiteClock "0:00:32"]
[BlackClock "0:01:47"]

1. e4 d5 2. exd5 Qxd5 3. Nc3 Qe5+ 4. Qe2 Qd6 5. Nf3 Nc6 6. d4 a6 7. d5 Nb4 8. Be3 Nxd5 9. Nxd5 Qxd5 10. Rd1 Qxa2 11. Ne5 Nf6 12. Qf3 Qa5+ 13. c3 Qxe5 14. Bc4 e6 15. O-O Bd6 16. g3 O-O 17. Bf4 Qe4 18. Qh5 0-1


[Site "https://www.chess.com"]

[Event "Titled Tuesday Blitz April 4 Early 2023"]
[White "Dubreuil, Julien"]
[Black "Nguyen, Hong Anh"]
[WhiteFideId "621285"]
[BlackFideId "12406732"]
[WhiteElo "2238"]
[BlackElo "2054"]
[Result "0-1"]
[Round "03"]
[TimeControl "180+2"]
[Date "2023.04.04"]
[WhiteClock "0:01:52"]
[BlackClock "0:02:21"]

1. e4 c5 2. Nf3 Nc6 3. Nc3 g6 4. g3 Bg7 5. Bg2 Nf6 6. O-O O-O 7. Re1 e5 8. Nd5 d6 9. Nxf6+ Bxf6 10. c3 Be6 11. d3 d5 12. Bh6 Re8 13. exd5 Bxd5 14. c4 Be6 15. a3 Bf5 16. Re3 Qd7 17. Ng5 Nd4 18. Ne4 Be7 19. Nc3 Bg4 20. f3 Be6 21. Rb1 Nf5 0-1


[Site "https://www.chess.com"]

[Event "Titled Tuesday Blitz April 4 Early 2023"]
[White "Blokhin, Sofia"]
[Black "Leve, Nitai"]
[WhiteFideId "4508190"]
[BlackFideId "2006898"]
[WhiteElo "1994"]
[BlackElo "2144"]
[Result "0-1"]
[Round "03"]
[TimeControl "180+2"]
[Date "2023.04.04"]
[WhiteClock "0:00:01"]
[BlackClock "0:00:07"]

1. d4 Nf6 2. c4 g6 3. Nc3 Bg7 4. e4 d6 5. f3 O-O 6. Be3 e5 7. d5 c6 8. Qd2 Nfd7 9. g4 f5 10. gxf5 gxf5 11. exf5 Nc5 12. Bxc5 dxc5 13. O-O-O Bxf5 14. Bd3 Qh4 15. Kb1 cxd5 16. Nxd5 Nc6 17. Ne2 e4 18. fxe4 Bxe4 19. Rhg1 Kh8 20. Ka1 Rf2 21. Qe3 Bxd3 22. Rxd3 Qxh2 23. Rxg7 Rxe2 24. Qg1 Rxb2 25. Rxh7+ Kxh7 26. Nf6+ Kh8 27. Rh3+ Qxh3 28. Kxb2 Rf8 29. Nd5 Nd4 30. Qg5 Qh2+ 31. Kc3 Rf3+ 32. Ne3 Qc2# 0-1


[Site "https://www.chess.com"]

[Event "Titled Tuesday Blitz April 4 Early 2023"]
[White "Melikhov, Evgeny V."]
[Black "Thiel, Thomas"]
[WhiteFideId "4122046"]
[BlackFideId "4615964"]
[WhiteElo "2158"]
[BlackElo "2218"]
[Result "1/2-1/2"]
[Round "03"]
[TimeControl "180+2"]
[Date "2023.04.04"]
[WhiteClock "0:01:09"]
[BlackClock "0:01:03"]

1. d4 Nf6 2. c4 g6 3. Nc3 d5 4. cxd5 Nxd5 5. e4 Nxc3 6. bxc3 Bg7 7. Bc4 c5 8. Ne2 O-O 9. Be3 Nc6 10. h4 cxd4 11. cxd4 Qa5+ 12. Kf1 Qa3 13. Qc1 Qxc1+ 14. Rxc1 h5 15. f3 e6 16. Kf2 Rd8 17. Rhd1 Bd7 18. Bg5 Rdc8 19. d5 exd5 20. Bxd5 Be8 21. Nf4 Kh7 22. Bxc6 Bxc6 23. Nd5 Bxd5 24. Rxd5 Rxc1 25. Bxc1 Rc8 26. Be3 Rc2+ 27. Rd2 Rxd2+ 28. Bxd2 f5 29. exf5 gxf5 30. g4 fxg4 31. fxg4 hxg4 32. Kg3 b5 33. Kxg4 Bf8 34. Kf5 b4 35. Ke6 a5 36. Kd5 a4 37. Kc4 b3 38. axb3 axb3 39. Kxb3 Be7 40. h5 Bf8 41. Kc4 Bh6 42. Bc3 Bg5 43. Kd5 Kh6 44. Ke4 Kxh5 1/2-1/2


[Site "https://www.chess.com"]

[Event "Titled Tuesday Blitz April 4 Early 2023"]
[White "Kopczynski, Michal"]
[Black "rionelG"]
[WhiteFideId "1124200"]
[WhiteElo "2212"]
[BlackElo "2202"]
[Result "1-0"]
[Round "03"]
[TimeControl "180+2"]
[Date "2023.04.04"]
[WhiteClock "0:01:05"]
[BlackClock "0:00:09"]

1. e4 c5 2. d4 cxd4 3. c3 dxc3 4. Nxc3 Nc6 5. f4 d6 6. Nf3 Nf6 7. Bd3 a6 8. O-O g6 9. Kh1 Bg7 10. Qe1 O-O 11. Be3 Bg4 12. Rd1 Nd7 13. Qh4 Bxf3 14. Rxf3 e5 15. Qf2 exf4 16. Bxf4 Nde5 17. Rh3 Qa5 18. Bc2 h5 19. Bb3 Ng4 20. Qe1 Qc5 21. Rf3 Nce5 22. Rf1 Rae8 23. h3 Nf6 24. Bg5 Nh7 25. Be3 Qc6 26. Nd5 b5 27. Bd4 Nd7 28. Rc1 Qb7 29. Bxg7 Kxg7 30. Rc7 Qb6 31. Rxd7 Qd4 32. Qc3 Qe5 33. Qxe5+ Rxe5 34. Nc3 Ng5 35. h4 Nxe4 36. Nxe4 Rxe4 37. Rfxf7+ Rxf7 38. Rxf7+ Kh6 39. Rd7 Rxh4+ 40. Kg1 Rd4 41. Kf2 Rd2+ 42. Kf3 Rxb2 43. Rxd6 a5 44. Bf7 Kh7 45. Bxg6+ Kg7 46. Bxh5 Rxa2 47. g4 b4 48. g5 Ra3+ 49. Ke4 Rh3 50. Rd7+ Kf8 51. Bg4 Rg3 52. Kf5 b3 53. g6 b2 54. Rf7+ Kg8 55. Rb7 Rg2 56. Kf6 Rf2+ 57. Bf5 1-0


[Site "https://www.chess.com"]

[Event "Titled Tuesday Blitz April 4 Early 2023"]
[White "Hoffmann, Asa"]
[Black "Pappelis, Dimitrios"]
[WhiteFideId "2001470"]
[BlackFideId "4215281"]
[WhiteElo "2117"]
[BlackElo "2104"]
[Result "0-1"]
[Round "03"]
[TimeControl "180+2"]
[Date "2023.04.04"]
[WhiteClock "0:00:30"]
[BlackClock "0:00:15"]

1. d4 d5 2. Bg5 c5 3. dxc5 Nc6 4. c3 f6 5. Bh4 e5 6. b4 Be6 7. e3 Nh6 8. Nf3 Nf5 9. Bg3 h5 10. h4 Nxg3 11. fxg3 a5 12. b5 Ne7 13. Nbd2 Nf5 14. Bd3 Bxc5 15. Bxf5 Bxf5 16. Qe2 Qb6 17. Kf2 Bg4 18. Rhe1 e4 19. a4 exf3 20. gxf3 Be6 21. Kg2 O-O 22. f4 Bg4 23. Qd3 Rad8 24. Nb3 Rfe8 25. Rac1 Rxe3 26. Rxe3 Bxe3 27. Re1 Bc5 28. Qg6 Bf8 29. Qd3 Qc7 30. Nd4 Qc4 31. Qd2 Bc5 32. Qe3 Bxd4 33. Qxd4 Qxd4 34. cxd4 Kf7 35. Rc1 Rc8 36. Rc5 Rxc5 37. dxc5 Ke7 38. Kf2 Kd7 39. Ke3 Bf5 40. Kd4 Be4 41. f5 Bxf5 42. Kxd5 Bc2 43. c6+ bxc6+ 44. bxc6+ Kc7 45. Ke6 Bxa4 46. Kf7 Bxc6 47. Kxg7 a4 48. g4 hxg4 49. h5 Be4 50. Kxf6 a3 51. Ke5 a2 52. Kxe4 a1=Q 53. Kf4 Qh8 54. Kxg4 Kd6 55. Kg5 Ke6 56. Kg6 Qe8+ 57. Kh6 Kf7 58. Kg5 Kg7 59. h6+ Kh7 60. Kh4 Qg6 61. Kh3 Kxh6 62. Kh4 Kg7 63. Kh3 Kf6 64. Kh4 Kf5 65. Kh3 Kf4 66. Kh2 Kf3 67. Kh1 Qg2# 0-1


[Site "https://www.chess.com"]

[Event "Titled Tuesday Blitz April 4 Early 2023"]
[White "ArtemDyachuk"]
[Black "Dahlgren, James Allen"]
[BlackFideId "22256873"]
[WhiteElo "2403"]
[BlackElo "2198"]
[Result "1-0"]
[Round "03"]
[TimeControl "180+2"]
[Date "2023.04.04"]
[WhiteClock "0:00:42"]
[BlackClock "0:00:37"]

1. Nf3 e6 2. e4 c5 3. d4 cxd4 4. Nxd4 Nf6 5. Nc3 Nc6 6. Ndb5 d6 7. Bf4 e5 8. Bg5 a6 9. Na3 b5 10. Nd5 Be7 11. Bxf6 Bxf6 12. c3 O-O 13. Nc2 Bg5 14. Bd3 f5 15. exf5 Bxf5 16. Bxf5 Rxf5 17. Nce3 Rf7 18. h4 Bxh4 19. g3 Bf6 20. Qg4 g6 21. Qe6 Kg7 22. Rxh7+ Kxh7 23. Qxf7+ Bg7 24. Ke2 Qh4 25. gxh4 1-0


[Site "https://www.chess.com"]

[Event "Titled Tuesday Blitz April 4 Early 2023"]
[White "Tarasova, Viktoriya"]
[Black "Ciuffoletti, Paolo"]
[WhiteFideId "4175840"]
[BlackFideId "807630"]
[WhiteElo "2182"]
[BlackElo "2143"]
[Result "1-0"]
[Round "03"]
[TimeControl "180+2"]
[Date "2023.04.04"]
[WhiteClock "0:00:27"]
[BlackClock "0:00:15"]

1. d4 d5 2. c4 c6 3. Nf3 Nf6 4. Nc3 dxc4 5. a4 e6 6. e3 c5 7. Bxc4 Nc6 8. O-O cxd4 9. Nxd4 Bd7 10. e4 Ne5 11. Be2 Bc5 12. Ndb5 O-O 13. Bf4 Ng6 14. Bd6 Bxd6 15. Nxd6 Bc6 16. Qd2 Qe7 17. f4 e5 18. f5 Nf4 19. Rxf4 exf4 20. Qxf4 Rad8 21. e5 Nd5 22. Nxd5 Bxd5 23. f6 Qe6 24. Qg5 1-0


[Site "https://www.chess.com"]